2949 views
Uploaded 2020-03-08 18:49:13
Game version 1.32.2
5:16 long 3on3 ladder game on (6)StranglethornVale
Saved by BEARAND
2949 views
Uploaded 2020-03-08 18:49:13
Game version 1.32.2
5:16 long 3on3 ladder game on (6)StranglethornVale


42 units @ 3k
/ 0k
29 buildings @ 2.8k
/ 1.1k

| Wisp | 9 | 540 | / | 0 |
| total: | 9 | 540g | / | 0w |
| Altar of Elders | 1 | 180 | / | 50 |
| Tree of Life | 2 | 680 | / | 370 |
| Moon Well | 1 | 180 | / | 40 |
| Ancient of War | 2 | 300 | / | 120 |
| Tree of Ages | 1 | 320 | / | 180 |
| total: | 6 | 1340g | / | 580w |
| 0:01 | Wisp |
| 0:12 | Wisp |
| 0:20 | Wisp |
| 0:30 | Altar of Elders |
| 0:32 | Wisp |
| 1:01 | Wisp |
| 1:04 | Tree of Life |
| 1:17 | Tree of Life |
| 1:23 | Wisp |
| 1:26 | Moon Well |
| 1:50 | Ancient of War |
| 1:55 | Wisp |
| 1:57 | Wisp |
| 2:14 | Ancient of War |
| 2:34 | Wisp |
| 2:36 | Summon Quilbeast |
| 4:10 | Tree of Ages |
| Right click | 342 |
| Select | 152 |
| Select group | 23 |
| Build/train/purchase | 19 |
| Chat | 12 |
| Assign group | 10 |
| Use ability | 5 |
| Minimap ping | 2 |
iggythefisk
(5:13) : 
| Peasant | 21 | 1575 | / | 0 |
| total: | 21 | 1575g | / | 0w |
| Scout Tower | 8 | 240 | / | 160 |
| Guard Tower | 5 | 350 | / | 250 |
| Altar of Kings | 1 | 180 | / | 50 |
| Farm | 3 | 240 | / | 60 |
| Lumber Mill | 1 | 120 | / | 0 |
| total: | 13 | 780g | / | 270w |
| 0:01 | Peasant |
| 0:03 | Altar of Kings |
| 0:06 | Peasant |
| 0:18 | Peasant |
| 0:21 | Farm |
| 0:32 | Peasant |
| 0:49 | Peasant |
| 0:53 | Farm |
| 1:05 | Peasant |
| 1:25 | Peasant |
| 1:37 | Lumber Mill |
| 1:46 | Summon Water Elemental |
| 1:50 | Peasant |
| 1:53 | Peasant |
| 2:02 | Peasant |
| 2:15 | Peasant |
| 2:32 | Peasant |
| 2:42 | Farm |
| 2:42 | Improved Masonry |
| 2:44 | Peasant |
| 3:03 | Peasant |
| 3:06 | Peasant |
| 3:14 | Peasant |
| 3:27 | Peasant |
| 3:33 | Brilliance Aura |
| 3:48 | Peasant |
| 3:53 | Scout Tower |
| 3:56 | Scout Tower |
| 3:57 | Scout Tower |
| 4:06 | Scout Tower |
| 4:08 | Peasant |
| 4:21 | Guard Tower |
| 4:22 | Peasant |
| 4:29 | Guard Tower |
| 4:29 | Guard Tower |
| 4:33 | Scout Tower |
| 4:38 | Guard Tower |
| 4:41 | Scout Tower |
| 4:43 | Peasant |
| 4:45 | Scout Tower |
| 4:45 | Scout Tower |
| 5:05 | Guard Tower |
| Assign group | 274 |
| Right click | 219 |
| Select | 122 |
| Select group | 118 |
| Build/train/purchase | 54 |
| Resource trade | 12 |
| Chat | 9 |
| Misc. action | 6 |
| Use ability | 1 |

| Circlet of Nobility | 1 | 175 |
| total: | 1 | 175g |
| Peasant | 12 | 900 | / | 0 |
| total: | 12 | 900g | / | 0w |
| Scout Tower | 6 | 180 | / | 120 |
| Guard Tower | 1 | 70 | / | 50 |
| Altar of Kings | 1 | 180 | / | 50 |
| Farm | 2 | 160 | / | 40 |
| Lumber Mill | 1 | 120 | / | 0 |
| total: | 10 | 640g | / | 210w |
| 0:01 | Peasant |
| 0:01 | Peasant |
| 0:07 | Altar of Kings |
| 0:10 | Peasant |
| 0:17 | Farm |
| 0:33 | Peasant |
| 0:44 | Farm |
| 0:49 | Peasant |
| 1:08 | Peasant |
| 1:23 | Peasant |
| 1:32 | Lumber Mill |
| 1:44 | Summon Water Elemental |
| 1:47 | Peasant |
| 1:48 | Peasant |
| 2:23 | Peasant |
| 2:23 | Peasant |
| 2:23 | Peasant |
| 2:33 | Circlet of Nobility |
| 3:19 | Improved Masonry |
| 3:37 | Brilliance Aura |
| 4:20 | Scout Tower |
| 4:20 | Scout Tower |
| 4:20 | Scout Tower |
| 4:28 | Scout Tower |
| 4:28 | Scout Tower |
| 4:29 | Scout Tower |
| 5:01 | Guard Tower |
| Right click | 387 |
| Select | 137 |
| Build/train/purchase | 46 |
| Select group | 36 |
| Misc. action | 21 |
| Resource trade | 13 |
| Assign group | 12 |
| Chat | 10 |
| Use ability | 1 |
34 units @ 3.7k
/ 0.2k
21 buildings @ 3.7k
/ 0.9k

| Rod of Necromancy | 1 | 150 |
| total: | 1 | 150g |
| Acolyte | 3 | 225 | / | 0 |
| Ghoul | 4 | 480 | / | 0 |
| Crypt Fiend | 3 | 645 | / | 120 |
| total: | 10 | 1350g | / | 120w |
| Altar of Darkness | 1 | 180 | / | 50 |
| Ziggurat | 3 | 450 | / | 150 |
| Crypt | 1 | 200 | / | 50 |
| Graveyard | 1 | 215 | / | 0 |
| Tomb of Relics | 1 | 130 | / | 30 |
| total: | 7 | 1175g | / | 280w |
| 0:02 | Acolyte |
| 0:02 | Acolyte |
| 0:07 | Altar of Darkness |
| 0:09 | Ziggurat |
| 0:31 | Crypt |
| 0:40 | Acolyte |
| 1:02 | Graveyard |
| 1:15 | Tomb of Relics |
| 1:33 | Ghoul |
| 1:42 | Ziggurat |
| 1:54 | Ghoul |
| 2:06 | Death Coil |
| 2:19 | Ghoul |
| 2:23 | Rod of Necromancy |
| 2:32 | Ghoul |
| 3:02 | Crypt Fiend |
| 3:31 | Crypt Fiend |
| 3:34 | Ziggurat |
| 4:24 | Crypt Fiend |
| Right click | 131 |
| Select | 50 |
| Build/train/purchase | 13 |
| Use ability | 4 |

| Acolyte | 2 | 150 | / | 0 |
| Ghoul | 5 | 600 | / | 0 |
| Crypt Fiend | 1 | 215 | / | 40 |
| total: | 8 | 965g | / | 40w |
| Altar of Darkness | 1 | 180 | / | 50 |
| Ziggurat | 3 | 450 | / | 150 |
| Crypt | 2 | 400 | / | 100 |
| Graveyard | 1 | 215 | / | 0 |
| total: | 7 | 1245g | / | 300w |
| 0:07 | Acolyte |
| 0:19 | Altar of Darkness |
| 0:22 | Ziggurat |
| 0:26 | Crypt |
| 0:36 | Acolyte |
| 1:31 | Ghoul |
| 1:44 | Graveyard |
| 1:54 | Ziggurat |
| 1:58 | Ghoul |
| 2:01 | Ghoul |
| 2:44 | Ghoul |
| 3:09 | Crypt Fiend |
| 3:15 | Ziggurat |
| 3:20 | Ghoul |
| 3:35 | Crypt |
| 4:22 | Sleep |
| Right click | 163 |
| Select | 41 |
| Build/train/purchase | 10 |
| Misc. action | 7 |
| Assign group | 2 |
| Use ability | 1 |

| Wisp | 10 | 600 | / | 0 |
| Archer | 6 | 780 | / | 60 |
| total: | 16 | 1380g | / | 60w |
| Ancient of War | 1 | 150 | / | 60 |
| Moon Well | 4 | 720 | / | 160 |
| Altar of Elders | 1 | 180 | / | 50 |
| Hunter's Hall | 1 | 210 | / | 100 |
| total: | 7 | 1260g | / | 370w |
| 0:03 | Wisp |
| 0:03 | Wisp |
| 0:18 | Ancient of War |
| 0:28 | Wisp |
| 0:32 | Moon Well |
| 0:40 | Wisp |
| 0:46 | Altar of Elders |
| 0:56 | Wisp |
| 1:14 | Moon Well |
| 1:18 | Wisp |
| 1:27 | Archer |
| 1:30 | Wisp |
| 1:48 | Archer |
| 2:07 | Archer |
| 2:07 | Archer |
| 2:16 | Wisp |
| 2:27 | Archer |
| 2:46 | Entangling Roots |
| 3:09 | Archer |
| 3:18 | Moon Well |
| 3:27 | Wisp |
| 3:27 | Wisp |
| 3:31 | Hunter's Hall |
| 4:01 | Moon Well |
| Right click | 144 |
| Select | 80 |
| Select group | 30 |
| Build/train/purchase | 18 |
| Chat | 18 |
| Assign group | 8 |
| Minimap ping | 6 |
| Use ability | 4 |
โ